 Dungeon Crawl Stone Soup version 0.29.1-2-gbd0b4ee654 (webtiles) character file.

Game seed: 12246155131249387723

987 Twinkles the Covert (level 7, -1/54 HPs)
             Began as a Vampire Brigand on Nov 1, 2022.
             Was an Initiate of Yredelemnul.
             Slain by Pikel
             ... wielding a +2 whip of freezing
              (5 damage)
             ... on level 6 of the Dungeon.
             The game lasted 00:19:13 (4818 turns).

Twinkles the Covert (Vampire Brigand)               Turns: 4818, Time: 00:19:15

Health: -1/54      AC:  7    Str: 10    XL:     7   Next: 97%
Magic:  8/8        EV: 12    Int: 14    God:    Yredelemnul [......]
Gold:   295        SH:  0    Dex: 17    Spells: 6/6 levels left

rFire   . . .      SeeInvis +   u - +3 falchion (elec)
rCold   . . .      Faith    .   (no shield)
rNeg    . . .      Spirit   .   s - +0 ring mail
rPois   .          Reflect  .   (no helmet)
rElec   .          Harm     .   c - +0 cloak
rCorr   .          Rampage  .   (no gloves)
Will    .....                   r - +0 pair of boots
Stlth   ++++......              (no amulet)
HPRegen 0.38/turn               (no ring)
MPRegen 0.11/turn               (no ring)

@: healing quickly
A: alive, fangs 3, see invisible, vampiric 2
a: Exsanguinate, Renounce Religion, Recall Undead Harvest


You were on level 6 of the Dungeon.
You worshipped Yredelemnul.
Yredelemnul was noncommittal.
You visited 1 branch of the dungeon, and saw 6 of its levels.

You collected 295 gold pieces.

Inventory:

Hand Weapons
 a - a +2 dagger
 u - a +3 falchion of electrocution (weapon)
Missiles
 d - 17 poisoned darts (quivered)
 e - 3 curare-tipped darts
Armour
 b - a +0 robe
 c - a +0 cloak (worn)
 r - a +0 pair of boots (worn)
 s - a +0 ring mail (worn)
Magical Staves
 i - a staff of conjuration
Jewellery
 k - a ring of fire
 o - a +6 ring of dexterity
Wands
 v - a wand of iceblast (7)
Scrolls
 g - 8 scrolls of identify
 j - 4 scrolls of butterflies
 l - 4 scrolls of teleportation {unknown}
 m - 2 scrolls of poison
 p - 2 scrolls of magic mapping {unknown}
 q - a scroll of silence {unknown}
 t - a scroll of enchant armour {unknown}
 x - 2 scrolls of enchant weapon
 y - 2 scrolls of vulnerability {unknown}
 z - a scroll of amnesia {unknown}
Potions
 f - 3 potions of lignification {unknown}
 h - a potion of mutation {unknown}
 n - 6 potions of heal wounds
 w - a potion of haste {unknown}
 A - a potion of curing {unknown}
 B - 2 potions of flight {unknown}


   Skills:
 + Level 4.1 Fighting
 - Level 3.2(4.0) Short Blades
 + Level 3.3(3.8) Long Blades
 - Level 1.7 Throwing
 + Level 4.6 Dodging
 + Level 8.8 Stealth
 - Level 0.7 Hexes
 - Level 0.3 Summonings
 + Level 2.5 Invocations


You had 6 spell levels left.
You didn't know any spells.
Your spell library contained the following spells:

 Spells                   Type           Power      Damage    Failure   Level
 Shock                    Conj/Air       0%         1d3       58%         1
 Ensorcelled Hibernation  Hex/Ice        2%         N/A       69%         2
 Passwall                 Tmut/Erth      0%         N/A       75%         2
 Dazzling Flash           Conj/Hex       2%         N/A       89%         3
 Swiftness                Air            0%         N/A       92%         3
 Airstrike                Air            0%         2d(0-16)  100%        4
 Iskenderun's Mystic Bla  Conj/Tloc      0%         2d3       100%        4
 Summon Forest            Summ/Tloc      0%         N/A       100%        5
 Summon Mana Viper        Hex/Summ       1%         N/A       100%        5
 Eringya's Noxious Bog    Tmut/Pois      0%         N/A       100%        6
 Starburst                Conj/Fire      0%         6d3       100%        6
 Summon Cactus Giant      Summ           0%         N/A       100%        6
 Summon Hydra             Summ           0%         N/A       100%        7


Dungeon Overview and Level Annotations

Branches:
Dungeon (6/15)
 Temple: D:4-7

Altars:
Ashenzari
Cheibriados
Nemelex Xobeh
Ru
Uskayaw
Yredelemnul

Annotations:
D:5 exclusion: water moccasin
D:6 Pikel


Innate Abilities, Weirdness & Mutations

Your natural rate of healing is accelerated.
You have razor-sharp teeth.
You have supernaturally acute eyesight. (SInv)
You are afflicted with vampirism and can become a bat while bloodless.


Message History

You hit the lemure but do no damage. You bite the lemure.
You kill the lemure!
That felt strangely unrewarding.
A lemure comes into view.
Your iguana zombie barely misses Pikel.
Pikel cracks his whip.
Pikel zaps a wand.
The puff of flame misses you.
Your iguana zombie bites Pikel but does no damage.
Found 20 gold pieces.
Pikel zaps a wand.
The puff of flame hits you.
Your iguana zombie barely misses Pikel.
Aiming: Iceblast
Press: ? - help, Shift-Dir - straight line, f - Pikel
Aim: Pikel, wielding a +2 whip of freezing, wearing a +2 robe and carrying a wand of flame (26) (ally target) Really fire at your iguana zombie?
The mass of ice explodes!
The iceblast engulfs Pikel!
Pikel is moderately wounded.
The iceblast engulfs your iguana zombie!
Your iguana zombie partially resists.
Your iguana zombie is heavily damaged.
A lemure comes into view.
Pikel zaps a wand.
The puff of flame hits you.
Pikel drinks a potion.
Pikel seems to grow stronger.
Pikel misses you. The lemure hits you. The iguana zombie barely misses you.
You closely miss the lemure. Pikel barely misses you.
You hit Pikel but do no damage.
Pikel is moderately wounded.
Pikel hits you with a +2 whip of freezing!
Pikel freezes you.
You miss Pikel. Your bite misses Pikel.
Pikel is moderately wounded.
The lemure barely misses you.
Pikel zaps a wand.
The puff of flame hits you.
* * * LOW HITPOINT WARNING * * *
You slash Pikel! Lightning courses through Pikel!
Pikel is almost dead.
The lemure closely misses you. x2
Pikel hits you with a +2 whip of freezing!
* * * LOW HITPOINT WARNING * * *
Pikel freezes you.
You die...
Yredelemnul claims you as an undead slave.

#.# #........ #..
+........ #.#
#........ #.#
##....>.. #.# ##.....#
#.### ##...##
#...#########..##
#.#.##.[.....#Z##
#@5...#####.###.##
#5K...# ##.## ##.#
####Z....###.## ##.
#.............#####Z#
#............#.....##
#......_......#)....##
#.....................
#............##.....##
#.###.....######.<.##


You could see Pikel (strong), 2 lemures and an iguana zombie.

Vanquished Creatures
  2 ogres
  2 lemures (D:6)
  2 scorpions (D:5)
  A necrophage (D:5)
  6 hounds
  2 orc priests (D:5)
  An iguana (D:6)
  4 gnolls (D:4)
  4 adders
  2 ufetubi
  4 dart slugs
  9 orcs
  5 endoplasms
  11 giant cockroaches (D:3)
  6 goblins
  6 hobgoblins
  2 jackals (D:3)
  6 quokkas
  12 ball pythons
  5 bats
  3 frilled lizards
  6 rats
101 creatures vanquished.

Vanquished Creatures (collateral kills)
  2 scorpions (D:5)
  A hound (D:5)
  An iron imp (D:6)
  A worm (D:3)
  2 orcs (D:3)
  2 endoplasms
  A giant cockroach (D:3)
  A hobgoblin (D:2)
  A kobold (D:2)
  A ball python (D:2)
13 creatures vanquished.

Vanquished Creatures (others)
  2 adder zombies (D:3)
  An endoplasm zombie (D:3)
  2 giant cockroach zombies (D:3)
  A gnoll zombie (D:4)
  A hobgoblin zombie (D:4)
  A jackal zombie (D:3)
  An orc zombie (D:3)
  A quokka zombie (D:5)
  A rat zombie (D:3)
11 creatures vanquished.

Grand Total: 125 creatures vanquished

Notes
Turn   | Place    | Note
-------+----------+-------------------------------------------
     0 | D:1      | Twinkles the Vampire Brigand began the quest for the Orb.
     0 | D:1      | Reached XP level 1. HP: 16/16 MP: 1/1
   191 | D:1      | Reached skill level 6 in Stealth
   191 | D:1      | Reached XP level 2. HP: 22/22 MP: 2/2
   786 | D:1      | Gained mutation: You are afflicted with vampirism and can
                  | become a bat while bloodless. [Vampire growth]
   786 | D:1      | Reached XP level 3. HP: 27/27 MP: 3/3
   923 | D:2      | Found a faded altar of an unknown god.
   932 | D:2      | Prayed at the altar of an unknown god.
   932 | D:2      | Became a worshipper of Yredelemnul the Dark
   932 | D:2      | Reached * piety under Yredelemnul
  1143 | D:2      | Found a hide-covered altar of Uskayaw.
  1823 | D:3      | Reached XP level 4. HP: 31/34 MP: 4/4
  2309 | D:3      | Reached ** piety under Yredelemnul
  2520 | D:4      | Reached XP level 5. HP: 39/39 MP: 5/5
  2537 | D:4      | Reached skill level 1 in Long Blades
  2537 | D:4      | Reached skill level 7 in Stealth
  2933 | D:4      | Found a sacrificial altar of Ru.
  2959 | D:4      | Reached XP level 6. HP: 47/47 MP: 6/6
  3169 | D:4      | Found a broken altar of Ashenzari.
  3488 | D:5      | Entered Level 5 of the Dungeon
  3531 | D:5      | Reached skill level 1 in Invocations
  3583 | D:5      | Found a sparkling altar of Nemelex Xobeh.
  3583 | D:5      | Noticed a water moccasin
  3776 | D:5      | Reached skill level 8 in Stealth
  3776 | D:5      | Reached XP level 7. HP: 35/52 MP: 6/8
  4770 | D:6      | Found a snail-covered altar of Cheibriados.
  4802 | D:6      | Noticed Pikel
  4818 | D:6      | Slain by Pikel

Illustrated notes

Levels and vault maps discovered:
D:1:      dpeg_arrival_tiny_d, layout_basic, chequers_serial_rivers_micro_e
D:2:      layout_loops_ring, hellmonk_ecumenical_altar_lost_god, basic_altar,
          corexii_shack
D:3:      minmay_roachtagon, layout_loops_ring, minivault_25, serial_park_tiny_1
D:4:      layout_basic, ashenzari_conservatory_becter,
          overflow_temple_1_default, minmay_misc_feat_rows,
          chequers_serial_rivers_micro_a
D:5:      kennysheep_six_static_rooms, layout_basic,
          mainiacjoe_overflow_concentric_impassable
D:6:      layout_loops_corners, slow_altar_1, uniq_pikel

Skill      XL: |  1  2  3  4  5  6  7 |
---------------+----------------------+-----
Stealth        | 6 7 8 |  8.8
Fighting       | 2 3 4 |  4.1
Dodging        | 2 3 4 |  4.6
Short Blades   | 3 |  3.2
Long Blades    | 1 2 3 |  3.3
Invocations    | 1 2 |  2.5
Throwing       | |  1.7
Hexes          | |  0.7
Summonings     | |  0.3

Action                   |  1- 3 |  4- 6 |  7- 9 || total
-------------------------+-------+-------+-------++-------
Melee: Dagger            |    88 |    38 |       ||   126
       Bite              |    10 |    11 |     7 ||    28
       Punch             |     2 |       |       ||     2
       Falchion          |       |    95 |    64 ||   159
Evoke: Wand              |       |       |     1 ||     1
  Use: Scroll            |       |     4 |       ||     4
 Stab: Sleeping          |    19 |    11 |     4 ||    34
       Distracted        |       |     3 |     1 ||     4
Armor: Ring mail         |    17 |    36 |    19 ||    72
       Robe              |     1 |       |       ||     1
Dodge: Dodged            |    38 |    77 |    36 ||   151
